 Dungeon Crawl Stone Soup version 0.21.1-1-g345015f (webtiles) character file.

53 Monsterracer the Skirmisher (level 3, -1/31 HPs)
             Began as a Minotaur Monk on May 30, 2018.
             Slain by an iguana (12 damage)
             ... on level 2 of the Dungeon.
             The game lasted 00:03:24 (1689 turns).

Monsterracer the Skirmisher (Minotaur Monk)         Turns: 1689, Time: 00:03:25

Health: -1/31      AC:  0    Str: 15    XL:     3   Next: 62%
Magic:  2/2        EV: 13    Int:  7    God:
Gold:   60         SH:  0    Dex: 13    Spells: 2/2 levels left

rFire    . . .     SeeInvis .     - Unarmed
rCold    . . .     Gourm    .   (no shield)
rNeg     . . .     Faith    .   (no armour)
rPois    .         Spirit   .   (helmet restricted)
rElec    .         Reflect  .   (no cloak)
rCorr    .         Harm     .   (no gloves)
MR       .....                  (no boots)
Stlth    ++........             (no amulet)
HPRegen  0.10/turn              (no ring)
MPRegen  0.08/turn              (no ring)

@: no status effects
A: retaliatory headbutt, horns 2
a: no special abilities


You were on level 2 of the Dungeon.
You were not hungry.

You visited 1 branch of the dungeon, and saw 2 of its levels.

You collected 60 gold pieces.

Inventory:

Missiles
 b - 140 stones (quivered)
 o - 3 tomahawks
Scrolls
 g - a scroll of fog
Potions
 d - 3 potions of curing
 i - a potion of resistance {unknown}
 j - a potion of mutation {unknown}
 l - a potion of lignification {unknown}
 m - a potion of haste {unknown}
Comestibles
 c - 5 rations


   Skills:
 - Level 3.6 Fighting
 + Level 3.3 Throwing
 - Level 3.2 Dodging
 - Level 1.5 Stealth
 - Level 3.2 Unarmed Combat


You had 2 spell levels left.
You didn't know any spells.

Dungeon Overview and Level Annotations

Branches:
Dungeon (2/15)

Altars:
Dithmenos
Ru


Innate Abilities, Weirdness & Mutations

You reflexively headbutt those who attack you in melee.
You have a pair of horns on your head.


Message History

Found a stone staircase leading up.
Okay, then.
c - 4 rations (gained 1)
As you read the scroll labeled CUTUCZ HULUR, it crumbles to dust.
It is a scroll of enchant weapon.
You aren't carrying any weapons that can be enchanted.
As you read the scroll labeled AWU LIWNUC, it crumbles to dust.
It is a scroll of enchant armour.
Really abort (and waste the scroll)? [Y]es or [N]o only, please.
Really abort (and waste the scroll)?
Okay, then.
Things that are here:
a hunting sling of flaming; an uncursed club Drop what? 13/52 slots (_ for help) (? for menu, Esc to quit)
You drop a +0 robe.
As you read the scroll labeled NACOHU MIZUEDU, it crumbles to dust.
You smell wet wool.
It was a scroll of random uselessness.
As you read the scroll labeled WYUDETRONEO, it crumbles to dust.
It is a scroll of identify.
h - a potion of degeneration A leopard gecko comes into view.
A leopard gecko is nearby!
Drop what? 10/52 slots (_ for help) (? for menu, Esc to quit)
You drop a potion of degeneration.
Found an escape hatch in the ceiling.
An iguana comes into view.
A goblin comes into view. It is wielding a club.
The leopard gecko misses you.
You hit the leopard gecko.
The leopard gecko is almost dead.
The goblin shouts!
The iguana hisses angrily.
The leopard gecko barely misses you. You furiously retaliate!
You headbutt the leopard gecko!
You kill the leopard gecko!
You see here a ration.
c - 5 rations (gained 1)
You barely miss the iguana. The iguana barely misses you.
You hit the iguana but do no damage.
You headbutt the iguana, but do no damage.
The iguana bites you!
You take 14 damage, and have 17/31 hp.
MASSIVE DAMAGE!!
You see here a potion of degeneration.
Throwing (i - inventory. (,) - cycle):
b - 150 stones (quivered)
Press: ? - help, Shift-Dir - straight line, f - goblin
Aim: a goblin, wielding a club You throw a stone.
The stone hits the goblin.
The goblin is heavily wounded.
The goblin hits you with a club.
* * * LOW HITPOINT WARNING * * *
You take 5 damage, and have 13/31 hp.
Throwing (i - inventory. (,) - cycle):
b - 149 stones (quivered)
Press: ? - help, Shift-Dir - straight line, f/p - goblin
Aim: a goblin, wielding a club (heavily wounded)
You throw a stone. The stone hits the goblin.
The goblin is severely wounded.
The goblin barely misses you.
Throwing (i - inventory. (,) - cycle):
b - 148 stones (quivered)
Press: ? - help, Shift-Dir - straight line, f/p - goblin
Aim: a goblin, wielding a club (severely wounded)
You throw a stone. The stone hits the goblin.
You kill the goblin!
Throwing (i - inventory. (,) - cycle):
b - 147 stones (quivered)
Press: ? - help, Shift-Dir - straight line, f - iguana
Aim: an iguana You throw a stone.
The stone closely misses the iguana.
The iguana barely misses you.
Throwing (i - inventory. (,) - cycle):
b - 146 stones (quivered)
Press: ? - help, Shift-Dir - straight line, f/p - iguana
Aim: an iguana You throw a stone.
The stone closely misses the iguana.
The iguana barely misses you.
Throwing (i - inventory. (,) - cycle):
b - 145 stones (quivered)
Press: ? - help, Shift-Dir - straight line, f/p - iguana
Aim: an iguana You throw a stone.
The stone closely misses the iguana.
The iguana barely misses you.
Throwing (i - inventory. (,) - cycle):
b - 144 stones (quivered)
Press: ? - help, Shift-Dir - straight line, f/p - iguana
Aim: an iguana You throw a stone.
The stone barely misses the iguana.
The iguana bites you.
* * * LOW HITPOINT WARNING * * *
You take 3 damage, and have 10/31 hp.
Throwing (i - inventory. (,) - cycle):
b - 143 stones (quivered)
Press: ? - help, Shift-Dir - straight line, f/p - iguana
Aim: an iguana You throw a stone.
The stone hits the iguana but does no damage.
Throwing (i - inventory. (,) - cycle):
b - 142 stones (quivered)
Press: ? - help, Shift-Dir - straight line, f/p - iguana
Aim: an iguana You throw a stone.
The stone barely misses the iguana.
The iguana barely misses you.
Throwing (i - inventory. (,) - cycle):
b - 141 stones (quivered)
Press: ? - help, Shift-Dir - straight line, f/p - iguana
Aim: an iguana You throw a stone.
The stone hits the iguana.
The iguana is lightly wounded.
The iguana bites you!
You die...

.........#._.#.#.####..÷.........
.###......#.#...(#.##.......###..
#..........#.....#.##.....<.##...
#...........!..#.#.##.......##.#.
#..................##.......##.#.
#..........#####.#.####.##.###.#.
....<......# #.#.# #.##.# #.#.
...........# #l#.# #.##.# #...
.#####.#...# #@#.####.##.# ###.
#.##### ###.#.........# #. #.#
#.......##.#### #§ #######.##.#
#§ #.##.########§ #.#.........#§
#.#########.#§ #.#########.##
#.............


You could see an iguana.

Vanquished Creatures
  An ooze (D:2)
  A worm (D:2)
  2 dart slugs
  2 leopard geckos (D:2)
  A ball python (D:1)
  5 bats
  A giant cockroach (D:1)
  5 goblins
  3 hobgoblins
  4 jackals (D:2)
  3 kobolds
  3 frilled lizards
  7 rats
38 creatures vanquished.

Notes
Turn   | Place    | Note
-------+----------+-------------------------------------------
     0 | D:1      | Monsterracer the Minotaur Monk began the quest for the Orb.
     0 | D:1      | Reached XP level 1. HP: 19/19 MP: 0/0
    79 | D:1      | Reached skill level 1 in Throwing
   157 | D:1      | Reached XP level 2. HP: 25/26 MP: 1/1
   843 | D:2      | Reached XP level 3. HP: 29/31 MP: 2/2
   934 | D:2      | HP: 11/31 [worm (6)]
   937 | D:2      | HP: 5/31 [worm (7)]
   982 | D:2      | HP: 7/31 [worm (2)]
  1280 | D:2      | Found a sacrificial altar of Ru.
  1292 | D:2      | Found a shadowy altar of Dithmenos.
  1456 | D:2      | Found a faded altar of an unknown god.
  1680 | D:2      | HP: 13/31 [goblin/club (5)]
  1686 | D:2      | HP: 10/31 [iguana (3)]
  1689 | D:2      | Slain by an iguana

Skill      XL: |  1  2  3 |
---------------+----------+-----
Throwing       | 1 2 3 |  3.3
Fighting       | |  3.6
Dodging        | |  3.2
Stealth        | |  1.5
Unarmed Combat | |  3.2

Action                   || total
-------------------------++-------
Melee: Unarmed           ||    51
       Headbutt          ||    12
Throw: Stone             ||    87
  Use: Scroll            ||     5
 Stab: Sleeping          ||     2
  Eat: Chunk             ||     2
Armor: Robe              ||     6
Dodge: Dodged            ||    66

Vault maps used:
D:1:      dpeg_arrival_pond
D:2:      grunt_temple_overflow_open, chequers_ecumenical_altar_simple_redux,
          nemelex_dance_club_becter
